 Dungeon Crawl Stone Soup version 0.18.1-8-gdd0e5ea (webtiles) character file.

56 deorigin the Cudgeler (level 3, -8/39 HPs)
             Began as an Ogre Berserker on June 5, 2016.
             Was a Believer of Trog.
             Mangled by Crazy Yiuf
             ... wielding a +3 quarterstaff of chaos
              (12 damage)
             ... on level 2 of the Dungeon.
             The game lasted 00:02:34 (1727 turns).

deorigin the Cudgeler (Ogre Berserker)              Turns: 1727, Time: 00:02:35

Health: -8/39      AC:  4    Str: 22    XL:     3   Next: 97%
Magic:  3/3        EV: 10    Int:  6    God:    Trog [**....]
Gold:   150        SH:  0    Dex: 10    Spells: 0 memorised, 2 levels left

rFire  . . .     SeeInvis .     a - +0 mace
rCold  . . .     Gourm    .     b - +0 animal skin
rNeg   . . .     Faith    .     (no shield)
rPois  +         Spirit   .     (helmet restricted)
rElec  .         Dismiss  .     e - +0 cloak
rCorr  .         Reflect  .     (gloves unavailable)
SustAt .         Harm     .     (boots unavailable)
MR     .....                    (no amulet)
Stlth  +.........               (no ring)
                                i - ring of poison resistance

@: not resistant to hostile enchantments, very unstealthy
A: unfitting armour, tough skin 1
a: Berserk, Trog's Hand, Burn Spellbooks, Renounce Religion


You were on level 2 of the Dungeon.
You worshipped Trog.
Trog was pleased with you.
You were not hungry.

You visited 1 branch of the dungeon, and saw 2 of its levels.

You collected 150 gold pieces.

Inventory:

Hand Weapons
 a - a +0 mace (weapon)
 h - a +1 falchion of slicing
Missiles
 g - 4 tomahawks of returning
 l - 3 large rocks (quivered)
Armour
 b - a +0 animal skin (worn)
 e - a +0 cloak (worn)
Jewellery
 i - a ring of poison resistance (left hand)
Scrolls
 d - a scroll of fear {unknown}
 f - a scroll of enchant armour {unknown}
 j - 2 scrolls of identify {unknown}
 n - 2 scrolls of teleportation {unknown}
 o - 4 scrolls of remove curse {unknown}
 p - a scroll of recharging {unknown}
 r - a scroll of enchant weapon {unknown}
 s - a scroll of noise {unknown}
Potions
 t - a potion of curing {unknown}
 u - a potion of cancellation {unknown}
 v - 2 potions of mutation {unknown}
 x - a potion of resistance {unknown}
 z - a potion of brilliance {unknown}
Comestibles
 c - 3 bread rations
 k - 3 fruits
 m - a royal jelly
 q - a chunk of flesh
 w - a slice of pizza


   Skills:
 - Level 4.0 Fighting
 - Level 5.2 Maces & Flails
 + Level 2.3 Throwing
 - Level 2.6 Dodging


You had 2 spell levels left.
You didn't know any spells.

Dungeon Overview and Level Annotations

Branches:
Dungeon (2/15)

Altars:
Okawaru

Annotations:
D:2 Crazy Yiuf


Innate Abilities, Weirdness & Mutations

You are too large for most types of armour.
You have tough skin (AC +1).


Message History

Crazy Yiuf closely misses you.
You hit Crazy Yiuf but do no damage.
Crazy Yiuf is moderately wounded.
Crazy Yiuf completely misses you.
You thump Crazy Yiuf!
Crazy Yiuf is severely wounded.
Crazy Yiuf barely misses you.
You hit Crazy Yiuf.
Crazy Yiuf is severely wounded.
Crazy Yiuf hits you with a quarterstaff of chaos!
Crazy Yiuf draws strength from your injuries!
Throwing (i - inventory. (,) - cycle):
l - 4 large rocks (quivered)
Press: ? - help, Shift-Dir - straight line, f/p - Crazy Yiuf
Aim: Crazy Yiuf, wielding a quarterstaff of chaos and wearing a cloak (heavily wounded)
You throw a large rock.
The large rock barely misses Crazy Yiuf.
Crazy Yiuf hits you with a quarterstaff of chaos!
* * * LOW HITPOINT WARNING * * *
Crazy Yiuf hits you with a quarterstaff of chaos!
You die...

.## ##...##.##.....##.....##
..####..###..##.############
#.##...## #.##(.# #....###
####### #..###
....######♣♣♣♣♣
.##....#..P.♣.♣♣♣ ###
.#####.....P.♣..♣#...#
.#####>...PP♣♣♣♣@g(.(#
..........♣♣♣ ♣♣#..)#
#####...##♣ ### #...# #####


You could see Crazy Yiuf.

Vanquished Creatures
  2 adders
  A worm (D:2)
  3 giant geckos
  4 bats
  2 giant cockroaches (D:2)
  2 goblins (D:1)
  2 hobgoblins (D:2)
  7 jackals
  3 kobolds
  4 rats
  A fungus (D:2)
31 creatures vanquished.

Notes
Turn   | Place    | Note
--------------------------------------------------------------
     0 | D:1      | deorigin the Ogre Berserker began the quest for the Orb.
     0 | D:1      | Reached XP level 1. HP: 24/24 MP: 1/1
   123 | D:1      | Reached XP level 2. HP: 22/32 MP: 2/2
   490 | D:1      | Reached skill level 5 in Maces & Flails
   520 | D:1      | Found an iron altar of Okawaru.
  1084 | D:1      | Reached skill level 1 in Throwing
  1084 | D:1      | Reached XP level 3. HP: 39/39 MP: 3/3
  1125 | D:2      | Found a faded altar to an unknown god.
  1471 | D:2      | Reached ** piety under Trog
  1720 | D:2      | Noticed Crazy Yiuf
  1727 | D:2      | Mangled by Crazy Yiuf

Skill      XL: |  1  2  3 |
---------------+----------+-----
Maces & Flails | 5 |  5.2
Throwing       | 1 2 |  2.3
Fighting       | |  4.0
Dodging        | |  2.6

Action                   || total
-------------------------++-------
Melee: Mace              ||   127
Throw: Large rock        ||     2
       Tomahawk          ||     1
 Stab: Sleeping          ||     1
  Eat: Chunk             ||     3
Armor: Animal skin       ||    44
Dodge: Dodged            ||    77
